Map: Bel'Shir Vestige LE (Void)

Players

ShoWTimE

  • Race: Protoss Protoss
  • Spawn Location: 11:00

GAMETIME - Winner!

  • Race: Zerg Zerg
  • Spawn Location: 5:00

Event: WCS Austin 2017

VOD

Have the link to the VOD?

Description

Time

  • Played on: April 28, 2017, 7:55 p.m.
  • Length: 4:27

All games in this series

Show
View Real Time Build Order
Export as new Build Order

ShoWTimE Protoss 

Build Orders: 1 Gate Expand, Oracle Opening 

Get SALT Encoding   

  12  0:00  Probe (Chrono Boost)  
  13  0:11  Probe (Chrono Boost)  
  14  0:18  Pylon  
  14  0:22  Probe (Chrono Boost)  
  15  0:36  Probe (Chrono Boost)  
  15  0:39  Gateway  
  16  0:45  Assimilator  
  16  0:48  Probe (Chrono Boost)  
  17  0:59  Probe (Chrono Boost)  
  18  1:09  Probe (Chrono Boost)  
  19  1:23  Nexus  
  19  1:25  Probe (Chrono Boost)  
  20  1:34  Cybernetics Core  
  20  1:39  Probe (Chrono Boost)  
  21  1:43  Assimilator  
  21  1:50  Probe (Chrono Boost)  
  22  1:54  Pylon  
  22  2:00  Probe (Chrono Boost)  
  23  2:08  Adept  
  23  2:14  Probe (Chrono Boost)  
  26  2:26  Probe (Chrono Boost)  
  27  2:32  Stargate  
  27  2:35  Probe (Chrono Boost)  
  29  2:37  Stalker  
  29  2:38  Probe (Chrono Boost)  
  31  2:46  Probe (Chrono Boost)  
  31  2:50  Probe (Chrono Boost)  
  33  2:57  Probe (Chrono Boost)  
  34  3:01  Probe (Chrono Boost)  
  35  3:07  Probe (Chrono Boost)  
  35  3:12  Oracle  
  37  3:13  Probe (Chrono Boost)  
  37  3:19  Probe (Chrono Boost), Gateway  
  41  3:21  Gateway  
  41  3:25  Probe (Chrono Boost)  
  42  3:27  Pylon  
  44  3:36  Pylon  
  31  3:48  Adept  
  31  3:49  Probe (Chrono Boost)  
  31  3:53  Probe (Chrono Boost)  
  31  4:01  Pylon  
  35  4:05  Mothership Core (Chrono Boost)  
  35  4:09  Probe (Chrono Boost)  
Show
View Real Time Build Order
Export as new Build Order

GAMETIME Zerg - Winner!

Build Orders: Hatch First 

Get SALT Encoding   

  12  0:00  Drone  
  13  0:09  Drone  
  14  0:17  Overlord  
  14  0:28  Extractor  
  14  0:29  Drone  
  15  0:36  Drone x2  
  17  0:51  Drone  
  17  0:55  Drone  
  19  1:00  Hatchery  
  18  1:05  Extractor  
  17  1:14  Spawning Pool  
  17  1:17  Drone  
  17  1:20  Drone  
  18  1:27  Drone  
  19  1:37  Drone  
  20  1:55  Drone  
  21  2:02  Overlord  
  21  2:08  Metabolic Boost  
  21  2:11  Queen  
  21  2:13  Hatchery  
  22  2:22  Queen  
  24  2:26  Zergling x2  
  24  2:29  Zergling x2  
  26  2:32  Zergling x2  
  26  2:34  Zergling x2  
  28  2:37  Zergling x2  
  28  2:40  Zergling x2  
  28  2:44  Zergling x4  
  32  3:00  Extractor  
  32  3:04  Zergling x6  
  34  3:07  Overlord  
  34  3:14  Zergling x2  
  34  3:16  Zergling x2  
  36  3:21  Overlord  
  36  3:26  Zergling x6  
  39  3:30  Zergling x6  
  42  3:37  Zergling x2  
  41  3:42  Zergling x2  
  41  3:45  Zergling x2  
  40  3:48  Zergling x2  
  40  3:50  Zergling x4  
  40  3:52  Zergling x2  
  40  3:53  Zergling x6  
  46  3:59  Zergling x4  
  47  4:09  Zergling x4  
  49  4:10  Zergling x4  
Tags
 
Add a new tag
Caveats
  • Supply blocks, unpowered buildings, or Contaminate may cause inaccurate times.
  • Supply counts are checked every 10 seconds.